 Dungeon Crawl Stone Soup version 0.19.5 (webtiles) character file.

2842 McKennaii the Thaumaturge (level 9, 0/47 HPs)
             Began as a Deep Elf Fire Elementalist on May 17, 2017.
             Was a Follower of Sif Muna.
             Slain by an ice beast (4 damage)
             ... on level 8 of the Dungeon.
             The game lasted 00:24:09 (8130 turns).

McKennaii the Thaumaturge (DEFE)                    Turns: 8130, Time: 00:24:10

Health: 0/47       AC:  6    Str:  5    XL:     9   Next: 46%
Magic:  4/24       EV: 14    Int: 24    God:    Sif Muna [*.....]
Gold:   448        SH:  0    Dex: 15    Spells: 4 memorised, 16 levels left

rFire  + . .     SeeInvis .     H - +0 dagger
rCold  . . .     Gourm    +     a - +0 robe
rNeg   . . .     Faith    .     (no shield)
rPois  .         Spirit   .     A - +0 helmet
rElec  .         Reflect  .     n - +1 cloak
rCorr  .         Harm     .     f - +0 pair of gloves
MR     .....                    (no boots)
Stlth  +++.......               E - amulet of the gourmand
                                L - ring of fire
                                o - ring of protection from cold

@: lethally poisoned (0 -> -8), slowed, very slow
A: no striking features
a: Divine Energy, Renounce Religion


You were on level 8 of the Dungeon.
You worshipped Sif Muna.
Sif Muna was aware of your devotion.
You were very full.

You visited 2 branches of the dungeon, and saw 9 of its levels.

You collected 466 gold pieces.
You spent 18 gold pieces at shops.

Inventory:

Hand Weapons
 H - a +0 dagger (weapon)
Armour
 a - a +0 robe (worn)
 f - a +0 pair of gloves (worn)
 n - a +1 cloak (worn)
 A - a +0 helmet (worn)
Rods
 y - a +0 rod of inaccuracy (10/10)
   (You found it on level 6 of the Dungeon)
Jewellery
 o - a ring of protection from cold (left hand)
 r - an uncursed ring of stealth
 E - an amulet of the gourmand (around neck)
 I - an uncursed ring of flight
 L - a ring of fire (right hand)
Wands
 J - a wand of random effects (12/48)
 N - a wand of digging (7/24)
Scrolls
 i - a scroll of recharging
 j - 2 scrolls of magic mapping
 k - a scroll of identify
 l - 2 scrolls of amnesia {unknown}
 s - 3 scrolls of remove curse
 v - 2 scrolls of teleportation
 w - a scroll of fear
 C - a scroll of enchant armour
 D - 2 scrolls of fog {unknown}
 F - a scroll of brand weapon {unknown}
Potions
 e - 2 potions of berserk rage
 g - a potion of invisibility {unknown}
 h - a potion of ambrosia {unknown}
 m - 4 potions of curing {unknown}
 q - a potion of degeneration {unknown}
 t - a potion of mutation {unknown}
 u - a potion of heal wounds {unknown}
 x - 2 potions of cancellation {unknown}
 B - 2 potions of flight {unknown}
 G - a potion of haste {unknown}
 M - a potion of agility {unknown}
Books
 b - a book of Flames

   Spells                             Type                      Level
   a - Flame Tongue                   Conjuration/Fire             1
   b - Throw Flame                    Conjuration/Fire             2
   c - Conjure Flame                  Conjuration/Fire             3
   d - Inner Flame                    Hexes/Fire                   3
   e - Sticky Flame                   Conjuration/Fire             4
   f - Fireball                       Conjuration/Fire             5
 K - a book of Air

   Spells                             Type                      Level
   a - Shock                          Conjuration/Air              1
   b - Swiftness                      Charms/Air                   2
   c - Repel Missiles                 Charms/Air                   2
   d - Static Discharge               Conjuration/Air              3
   e - Lightning Bolt                 Conjuration/Air              5
Comestibles
 c - 5 bread rations
 d - 2 slices of pizza
 p - 2 meat rations
 z - 2 beef jerkies


   Skills:
 + Level 1.0 Fighting
 + Level 0.8 Short Blades
 + Level 4.3 Dodging
 + Level 4.0 Stealth
 + Level 9.9 Spellcasting
 + Level 7.6 Conjurations
 + Level 8.4 Fire Magic


You had 16 spell levels left.
You knew the following spells:

 Your Spells              Type           Power        Failure   Level  Hunger
a - Flame Tongue          Conj/Fire      #####        1%          1    None
b - Throw Flame           Conj/Fire      ######       1%          2    None
c - Conjure Flame         Conj/Fire      ######..     1%          3    None
f - Fireball              Conj/Fire      ######....   6%          5    ####...


Dungeon Overview and Level Annotations

Branches:
Dungeon (8/15)             Temple (1/1) D:6
   Lair: D:8-11

Altars:
Cheibriados
Dithmenos
Elyvilon
Fedhas
Gozag
Kikubaaqudgha
Makhleb
Nemelex Xobeh
Okawaru
Qazlal
Ru
Sif Muna
Trog
Uskayaw
Xom
Yredelemnul
Zin
The Shining One

Shops:
D:4 =   D:5 [

Annotations:
D:8 Erica


Message History

Confirm with . or Enter, or press ? or * to list all spells.
Aiming: Flame Tongue
Press: ? - help, Shift-Dir - straight line, f/p - Erica
Aim: Erica, wielding a scimitar of flaming and wearing a runed robe (heavily wounded)
You feel a surge of power!
The flame tongue hits Erica.
Erica is heavily wounded.
Erica closely misses you.
An ice beast comes into view.
You see here a scroll of teleportation.
Erica says, "Fast and perfect.
Such is my way of killing."
Erica hits you with a scimitar of flaming!
Erica burns you. The ice beast barely misses you. The ice beast hits you.
The ice beast freezes you!
Erica points at you and mumbles some strange words.
The bolt of poison hits the ice beast.
The bolt of poison hits you!
You are poisoned.
* * * LOW HITPOINT WARNING * * *
The ice beast hits you.
You die...

#.#.)...
#.#.)..#
#)#..).#
####.#....#
###.........#
...........#
##.##.##.#
#...#....#######
#.#.@?##..Y@...#
#...#.##@#####.#
##.....Y.# #.#
.............#
#<#
.....##.##.#.#
#.# .....
#....#.# #.####
.... #....# #
#....# ...
#.##.# ####.####
... #.....
#......#


You could see Erica and an ice beast.

Vanquished Creatures
  The ghost of DwarfAlpaca the Conjurer, a novice TeFE (D:5)
  Prince Ribbit (D:5)
  4 orc warriors
  2 sky beasts
  A phantom (D:6)
  3 ogres
  3 centaurs (D:5)
  2 big kobolds (D:7)
  5 killer bees (D:5)
  2 howler monkeys (D:6)
  A jelly (D:6)
  A quasit (D:6)
  2 hounds
  5 orc wizards
  4 orc priests
  2 iguanas
  3 worker ants
  A hound zombie (D:4)
  A hound skeleton (D:7)
  A worker ant zombie (D:8)
  4 gnolls
  10 adders
  A shadow imp (D:5)
  An adder skeleton (D:4)
  2 worms
  2 dart slugs
  8 leopard geckos
  24 orcs
  2 ball pythons (D:5)
  3 giant cockroaches
  2 goblins (D:2)
  5 hobgoblins
  8 jackals
  5 quokkas
  15 bats
  4 frilled lizards
  20 kobolds
  A leopard gecko skeleton (D:5)
  8 rats
170 creatures vanquished.

Notes
Turn   | Place    | Note
-------+----------+-------------------------------------------
     0 | D:1      | McKennaii the Deep Elf Fire Elementalist began the quest for the Orb.
     0 | D:1      | Reached XP level 1. HP: 10/10 MP: 6/6
   146 | D:1      | Reached XP level 2. HP: 15/15 MP: 4/8
   797 | D:1      | Reached XP level 3. HP: 10/19 MP: 2/10
   801 | D:1      | Learned a level 2 spell: Throw Flame
   805 | D:1      | Learned a level 3 spell: Conjure Flame
  1012 | D:2      | Found a blossoming altar of Fedhas.
  1163 | D:2      | Reached skill level 4 in Spellcasting
  1892 | D:3      | Reached XP level 4. HP: 24/24 MP: 7/12
  2360 | D:3      | Reached XP level 5. HP: 21/28 MP: 6/13
  2364 | D:3      | Reached skill level 5 in Spellcasting
  2692 | D:4      | Found Eremubua's Jewellery Shop.
  2708 | D:4      | Noticed an ogre
  2714 | D:4      | Killed an ogre
  2714 | D:4      | Reached XP level 6. HP: 32/32 MP: 4/16
  2721 | D:4      | Learned a level 5 spell: Fireball
  3251 | D:4      | Found a sparkling altar of Nemelex Xobeh.
  3453 | D:4      | Reached skill level 5 in Fire Magic
  3539 | D:5      | Entered Level 5 of the Dungeon
  3577 | D:5      | Noticed Prince Ribbit
  3760 | D:5      | Noticed DwarfAlpaca's ghost (novice TeFE)
  3871 | D:5      | Killed DwarfAlpaca's ghost
  3871 | D:5      | Reached skill level 6 in Spellcasting
  3871 | D:5      | Reached XP level 7. HP: 18/36 MP: 7/19
  4030 | D:5      | Found Zaytzopp's Armour Emporium.
  4036 | D:5      | Reached skill level 7 in Spellcasting
  4054 | D:5      | Bought a cursed +0 helmet for 18 gold pieces
  4116 | D:5      | Reached skill level 5 in Conjurations
  4173 | D:5      | Reached XP level 8. HP: 41/41 MP: 0/21
  4596 | D:5      | Killed Prince Ribbit
  4596 | D:5      | Reached skill level 8 in Spellcasting
  4771 | D:5      | Found a blossoming altar of Fedhas.
  4776 | D:5      | Found a burning altar of Makhleb.
  5077 | D:6      | Found a faded altar of an unknown god.
  5077 | D:6      | Found a faded altar of an unknown god.
  5082 | D:6      | Found a faded altar of an unknown god.
  5084 | D:6      | Found a bloodstained altar of Trog.
  5088 | D:6      | Found a faded altar of an unknown god.
  5172 | D:6      | Reached skill level 9 in Spellcasting
  5396 | D:6      | Reached XP level 9. HP: 36/46 MP: 9/24
  5669 | D:6      | Found a staircase to the Ecumenical Temple.
  5694 | Temple   | Entered the Ecumenical Temple
  5977 | Temple   | Became a worshipper of Sif Muna the Loreminder
  6501 | D:6      | Found a stormy altar of Qazlal.
  6501 | D:6      | Found a glowing golden altar of the Shining One.
  7114 | D:7      | Reached * piety under Sif Muna
  7122 | D:7      | Reached skill level 1 in Fighting
  8116 | D:8      | Noticed Erica
  8130 | D:8      | Slain by an ice beast

Skill      XL: |  1  2  3  4  5  6  7  8  9 |
---------------+----------------------------+-----
Spellcasting   | 4 5 6 7 9 |  9.9
Fire Magic     | 4 5 6 7 8 |  8.4
Stealth        | 3 4 |  4.0
Dodging        | 3 4 |  4.3
Conjurations   | 2 3 4 5 6 7 |  7.6
Fighting       | 1 |  1.0
Short Blades   | |  0.8

Action                   |  1- 3 |  4- 6 |  7- 9 || total
-------------------------+-------+-------+-------++-------
Melee: Unarmed           |     3 |     1 |     6 ||    10
       Dagger            |       |       |    20 ||    20
 Cast: Flame Tongue      |    75 |    72 |   197 ||   344
       Throw Flame       |       |    34 |    54 ||    88
       Fireball          |       |       |    10 ||    10
       Conjure Flame     |       |       |     6 ||     6
  Use: Scroll            |       |     8 |     1 ||     9
  Eat: Chunk             |     1 |     7 |    26 ||    34
Armor: Robe              |    11 |    17 |    36 ||    64
Dodge: Dodged            |    22 |    20 |    82 ||   124
